Unix NetHack Version 5.0.0-0 post-release - last build May 23 2026 06:08:33 (1c0ff79ee797540d5714e4e18072db0edd9e58ae,branch:main).

Game began 2026-05-24 23:49:45, ended 2026-05-25 00:38:12.

Istfemer, lawful female human Knight

                                            #########
                                          ### ------#
                                              |`...|#
                                              |@``.|#
                                              |.a``|#       ----------------
                         |                    |....|########.<.............|
                         .............-       .....|        |........`.....|
                         |                    |....|       #...`..`......``|
                                              ----)-       #|...%..........|
                                                ####      ##----------------
                                                -.-.---- ##
                                                |:.d..F.##
                                                |..hd:e|
                                                |i.`:eb|
                                                ----`.:|
                                                  #.:.c|
                                                   |...|
                                                   -----

Istfemer the Esquire     St:15 Dx:11 Co:13 In:8 Wi:16 Ch:17  Lawful
Dlvl:3  $:20 HP:0(28) Pw:28(28) AC:2  Xp:4 T:2437 

Latest messages:
 You wipe out the message that was written in the dust here.
 You write in the dust with your fingertip.
 What do you want to write in the dust here? Elbereth
 The giant beetle turns to flee.
 You caitiff!
 You hit the giant beetle.
 What do you want to write with? [- aefhv-zB or ?*] -
 You write in the dust with your fingertip.
 What do you want to write in the dust here? Elbereth
 Something is written here in the dust.
 You read: "Elbereth".
 You see no objects here.
 In what direction? 2
 The dart misses the giant beetle.
 In what direction? 2
 The dart misses the giant beetle.
 You ready: x - 7 crossbow bolts.
 In what direction? 2
 You aren't wielding a crossbow, so you throw your bolt by hand.
 The crossbow bolt misses the giant beetle.
 What do you want to write with? [- aehv-zB or ?*] -
 You write in the dust with your fingertip.
 What do you want to write in the dust here? Elbereth
 Something is written here in the dust.
 You read: "Elb.reth".
 You see no objects here.
 What do you want to write with? [- aehv-zB or ?*] -
 You write in the dust with your fingertip.
 What do you want to write in the dust here? 
 Never mind.
 What do you want to write with? [- aehv-zB or ?*] -
 You write in the dust with your fingertip.
 What do you want to write in the dust here? Elbereth
 The giant beetle turns to flee.
 You caitiff!
 You miss the giant beetle.
 You hit the giant beetle.
 You miss the giant beetle.
 What do you want to write with? [- aehv-zB or ?*] -
 You write in the dust with your fingertip.
 What do you want to write in the dust here? Elbereth
 Something is written here in the dust.
 You read: "Elbereth".
 You see no objects here.
 The giant beetle turns to flee.
 You caitiff!
 You hit the giant beetle.
 The giant beetle bites!
 You die...
 Do you want your possessions identified? [ynq] (y) q

Inventory:
 Coins    ('$')
  $ - 20 gold pieces
 Weapons  (')')
  x - 6 cursed +0 crossbow bolts (in quiver pouch)
  a - an uncursed +0 dagger (weapon in right hand)
  v - an uncursed +0 orcish spear
  B - a cursed -1 aklys
  z - an uncursed +0 flail
 Armor    ('[')
  A - an uncursed +0 orcish helm (being worn)
  E - a cursed -1 pair of leather gloves (being worn)
  J - an uncursed +0 pair of iron shoes (being worn)
  C - an uncursed +0 cloak of protection (being worn)
  X - an uncursed +0 leather armor (being worn)
 Comestibles  ('%')
  j - an uncursed banana
  c - 2 uncursed food rations
  r - 2 uncursed lichen corpses
 Scrolls  ('?')
  s - a blessed scroll of confuse monster
 Potions  ('!')
  q - a cursed potion of gain energy
  u - an uncursed potion of restore ability
 Wands    ('/')
  w - an uncursed wand of striking (0:1)
 Tools    ('(')
  i - an uncursed blindfold
 Gems/Stones  ('*')
  h - an uncursed worthless piece of green glass
  y - an uncursed worthless piece of violet glass
  e - an uncursed worthless piece of yellowish brown glass

Istfemer the Knight's attributes:

Background:
 You were an Esquire, a level 4 female human Knight.
 You were lawful, on a mission for Lugh
 who was opposed by Brigit (neutral) and Manannan Mac Lir (chaotic).
 You were right-handed.
 You were in the Dungeons of Doom, on level 3.
 You entered the dungeon 2437 turns ago.
 It was the midnight hour.
 You had 156 experience points, 4 more were needed to attain level 5.

Basics:
 You had 0 out of 28 hit points.
 You had all 28 energy points (spell power).
 Your armor class was 2.
 Your wallet contained 20 zorkmids.
 Autopickup was on for '$' plus thrown.

Final Characteristics:
 Your strength was 15 (limit:18/100).
 Your dexterity was 11 (limit:18).
 Your constitution was 13 (limit:18).
 Your intelligence was 8 (limit:18).
 Your wisdom was 16 (limit:18).
 Your charisma was 17 (limit:18).

Final Status:
 You weren't hungry.
 You were unencumbered.
 You were wielding a dagger.
 You had basic skill with dagger.

Final Attributes:
 You were fervently aligned.
 You could jump.
 You were protected.
 You are dead.

Miscellaneous:
 You didn't encounter any bones levels.
 Total elapsed playing time was 48 minutes and 22 seconds.

Major events:
 Turn
    1: Istfemer the lawful female human Knight entered the dungeon
  831: attained the rank of Esquire (level 3)
 2437: killed by a giant beetle

You didn't know any spells.

Skills:
 Fighting Skills
   bare handed combat [Unskilled]
   two weapon combat  [Unskilled]
   riding             [Unskilled]
 Weapon Skills
   dagger             [Basic]
   knife              [Unskilled]
   axe                [Unskilled]
   pick-axe           [Unskilled]
   short sword        [Unskilled]
   broadsword         [Unskilled]
   long sword         [Unskilled]
   two-handed sword   [Unskilled]
   saber              [Unskilled]
   club               [Unskilled]
   mace               [Unskilled]
   morning star       [Unskilled]
   flail              [Unskilled]
   hammer             [Unskilled]
   polearms           [Unskilled]
   spear              [Unskilled]
   trident            [Unskilled]
   lance              [Unskilled]
   bow                [Unskilled]
   crossbow           [Unskilled]
 Spellcasting Skills
   attack spells      [Unskilled]
   healing spells     [Unskilled]
   clerical spells    [Unskilled]

Voluntary challenges:
 Character rerolling was not enabled.
 You started out without possessions.
 You never had a pet.
 You never genocided any monsters.
 You never polymorphed an object.
 You never changed form.
 You used no wishes.
Achievements:
 You attained the rank of Esquire.
 You entered a shop.

 The Dungeons of Doom: levels 1 to 3
    Level 1: "vault"
    Level 2:
       An armor shop, a fountain.
    Level 3: <- You were here.
       Final resting place for
          you, killed by a giant beetle.


Vanquished creatures:
  a homunculus
  a kobold leader
  a rabid rat
 an orc zombie
  a wererat
  2 iguanas
 an acid blob
  a large kobold
  4 giant rats
  2 gnomes
  2 garter snakes
  2 gnome zombies
  4 geckos
 10 jackals
  2 foxes
  a kobold
  a goblin
  3 sewer rats
  3 grid bugs
  6 lichens
  3 kobold zombies
  9 newts
61 creatures vanquished.

No species were genocided or became extinct.

Game over:
                       ----------
                      /          \
                     /    REST    \
                    /      IN      \
                   /     PEACE      \
                  /                  \
                  |     Istfemer     |
                  |      20 Au       |
                  |   killed by a    |
                  |   giant beetle   |
                  |                  |
                  |                  |
                  |       2026       |
                 *|     *  *  *      | *
        _________)/\\_//(\/(/\)/\//\/|_)_______

Fare thee well Istfemer the Knight...

You died in The Dungeons of Doom on dungeon level 3 with 742 points,
and 20 pieces of gold, after 2437 moves.
You were level 4 with a maximum of 28 hit points when you died.

